 Dungeon Crawl Stone Soup version 0.27.1-2-g3b301248ec (webtiles) character file.

Game seed: 10831844013390667735

536 ABBCCCDDDD the Distorting Octopus (level 7, 0/50 HPs)
             Began as an Octopode Abyssal Knight on Sept 24, 2021.
             Was a Believer of Lugonu.
             Succumbed to a water moccasin's poison
             ... on level 4 of the Dungeon.
             The game lasted 00:04:53 (4126 turns).

ABBCCCDDDD the Distorting Octopus (OpAK)            Turns: 4126, Time: 00:04:54

Health: 0/50       AC:  1    Str: 12    XL:     7   Next: 25%
Magic:  20/20      EV: 13    Int: 16    God:    Lugonu [**....]
Gold:   294        SH:  0    Dex: 11    Spells: 6/6 levels left

rFire    . . .     SeeInvis .   p - +3 dagger (vamp)
rCold    . . .     Faith    +   (no shield)
rNeg     . . .     Spirit   .   (helmet restricted)
rPois    .         Reflect  .   k - amulet of faith
rElec    .         Harm     .   l - ring of magical power
rCorr    .         Rampage  .   (no ring)
Will     .....                  (no ring)
Stlth    +++.......             (no ring)
HPRegen  0.16/turn              (no ring)
MPRegen  0.17/turn              (no ring)
                                (no ring)
                                (no ring)

@: lethally poisoned (0 -> -13), about to teleport, attractive, flying, very
slightly contaminated, hasted, invisible, very quick
A: almost no armour, amphibious, 8 rings, camouflage 1, gelatinous body 1,
(nimble swimmer 1), tentacles
a: Renounce Religion, Depart the Abyss, Bend Space


You were on level 4 of the Dungeon.
You worshipped Lugonu.
Lugonu was pleased with you.
You visited 1 branch of the dungeon, and saw 5 of its levels.
You visited the Abyss 1 time.

You collected 294 gold pieces.

Inventory:

Hand Weapons
 a - a +1 short sword
 p - a +3 vampiric dagger (weapon)
Missiles
 c - 3 javelins
Jewellery
 k - an amulet of faith (around mantle)
 l - a ring of magical power (left tentacle)
Wands
 d - a wand of flame (18)
Scrolls
 b - a scroll of enchant weapon
 j - 4 scrolls of identify {unknown}
 m - a scroll of torment {unknown}
 n - a scroll of vulnerability {unknown}
 o - a scroll of holy word {unknown}
Potions
 r - a potion of flight


   Skills:
 + Level 5.5 Fighting
 - Level 3.0 Short Blades
 - Level 2.3 Dodging
 + Level 2.9 Stealth
 + Level 5.5 Invocations


You had 6 spell levels left.
You didn't know any spells.
Your spell library contained the following spells:

 Spells                   Type           Power      Damage    Failure   Level
 Call Canine Familiar     Summ           0%         N/A       58%         3
 Portal Projectile        Hex/Tloc       0%         N/A       58%         3
 Leda's Liquefaction      Hex/Erth       0%         N/A       94%         4


Dungeon Overview and Level Annotations

Branches:
Dungeon (5/15)             Temple (0/1) D:4

Altars:
Gozag

Shops:
D:2 (


Innate Abilities, Weirdness & Mutations

You cannot wear most types of armour.
You are amphibious.
You can wear up to eight rings at the same time.
Your skin changes colour to match your surroundings (Stealth+).
Your rubbery body absorbs attacks. (AC +1, EV +1)
((You are camouflaged near water. (Stealth+)))
You have tentacles for arms and can constrict up to eight enemies at once.


Message History

The water moccasin poisons you!
It was a potion of flight.
You feel very buoyant.
You fly up into the air.
You feel very sick. The water moccasin bites you.
You are lethally poisoned!
The water moccasin poisons you! The water moccasin closely misses you.
It was a potion of heal wounds.
You feel much better.
You feel very sick. The water moccasin bites you!
It was a potion of curing.
You feel better. The water moccasin misses you. The water moccasin bites you!
You are poisoned.
The water moccasin poisons you!
It was a potion of haste.
You feel yourself speed up.
You feel very sick. The water moccasin closely misses you.
It was a potion of invisibility.
You fade into invisibility!
You feel sick. The water moccasin bites you.
* * * LOW HITPOINT WARNING * * *
You are lethally poisoned!
The water moccasin poisons you!
You are very lightly contaminated with residual magic.
* * * LOW HITPOINT WARNING * * *
You feel very sick.
* * * LOW HITPOINT WARNING * * *
You feel very sick.
* * * LOW HITPOINT WARNING * * *
You feel very sick.
It was a potion of attraction.
You feel attractive to monsters.
* * * LOW HITPOINT WARNING * * *
You feel very sick. The water moccasin barely misses you.
Okay, then.
As you read the scroll labelled SEMMYLO XA FAONU, it crumbles to dust.
You feel strangely unstable.
It was a scroll of teleportation.
You die...

. #.# #.# #.#
#.# #.# #.#
### #.#
##.####.# #
#..@S.>.# #
##.###### #
#.######.## ##
#.#.......#
####### .#
...####..#
#...... .#
##.......#
#.####. .#
......##.#
#####.##...
.## ##.#...#.#
#........#.
..####
#.#...#.#
####.###.#####


You could see a water moccasin.

Levels and vault maps discovered:
D:1:      dpeg_arrival_tiny_e, layout_basic, minmay_tromino_v4_a
D:2:      layout_rooms, serial_shops, shop
D:3:      layout_basic, nicolae_gozag_cash_rules_everything_around_me,
          minmay_misc_feat_square
D:4:      layout_loops_cross, marbit_many_paths, lemuel_temple_firewalk_a
D:5:      layout_gridville, nzn_wu_jian_council_hall, serial_shops,
          kennysheep_little_box, shop, nicolae_shop_statue_plus,
          gup_ossuary_entry_pyramid

Notes
Turn   | Place    | Note
-------+----------+-------------------------------------------
     0 | Abyss:1  | ABBCCCDDDD the Octopode Abyssal Knight began the quest for
                  | the Orb.
     0 | Abyss:1  | Reached XP level 1. HP: 16/16 MP: 2/2
   100 | Abyss:1  | Noticed a quasit
   101 | Abyss:1  | Noticed a smoke demon
   111 | D:1      | Escaped the Abyss
   212 | D:1      | Reached XP level 2. HP: 19/21 MP: 3/3
   556 | D:1      | Reached * piety under Lugonu
  1001 | D:1      | Reached XP level 3. HP: 26/26 MP: 4/4
  1794 | D:2      | Found Xekaklagg's Antique Weapon Boutique.
  2041 | D:3      | Reached XP level 4. HP: 24/33 MP: 6/6
  2565 | D:3      | Found an opulent altar of Gozag.
  2678 | D:3      | Noticed a necrophage
  2692 | D:3      | Killed a necrophage
  2693 | D:3      | Reached XP level 5. HP: 18/38 MP: 8/8
  3038 | D:3      | Reached XP level 6. HP: 40/44 MP: 9/9
  3285 | D:4      | Reached skill level 5 in Fighting
  3325 | D:4      | Reached ** piety under Lugonu
  3392 | D:4      | Found a staircase to the Ecumenical Temple.
  3505 | D:4      | Reached skill level 5 in Invocations
  3726 | D:4      | Reached skill level 1 in Stealth
  3793 | D:4      | Reached XP level 7. HP: 26/50 MP: 10/10
  4106 | D:5      | Entered Level 5 of the Dungeon
  4125 | D:4      | HP: 2/50 [poisoned by a water moccasin]
  4126 | D:4      | Succumbed to a water moccasin's poison

Table legend: (Time is in decaauts)
 A = Elapsed time spent in this place.
 B = Non-inter-level travel time spent in this place.
 C = Inter-level travel time spent in this place.
 D = Time resting spent in this place.
 E = Time spent auto-exploring this place.
 F = Levels seen in this place.
 G = Mean time per level.
                   A        B        C        D        E       F      G
               +--------+--------+--------+--------+--------+-----+--------+
         Total |   4111 |   4015 |     96 |    798 |   2631 |   6 |  685.2 |
       Dungeon |   4000 |   3904 |     96 |    798 |   2533 |   5 |  800.0 |
         Abyss |    111 |    111 |      0 |      0 |     98 |   1 |  111.0 |
               +--------+--------+--------+--------+--------+-----+--------+

Top non-repeatable levels by time:
     D:3: 1266 daAuts
     D:1: 1226 daAuts
     D:4: 830 daAuts
     D:2: 668 daAuts
 Abyss:1: 111 daAuts
     D:5: 8 daAuts

Table legend:
 A = Kills in this place as a percentage of kills in entire the game.
 B = Kills by you in this place as a percentage of kills by you in the entire game.
 C = Kills by friends in this place as a percentage of kills by friends in the entire game.
 D = Other kills in this place as a percentage of other kills in the entire game.
 E = Experience gained in this place as a percentage of experience gained in the entire game.
 F = Experience gained in this place divided by the number of levels of this place that you have seen.
                   A       B       C       D       E      F
               +-------+-------+-------+-------+-------+----------------------
         Total | 100.0 | 100.0 |   N/A | 100.0 | 100.0 | 127.7
       Dungeon | 100.0 | 100.0 |   N/A | 100.0 | 100.0 | 153.2
               +-------+-------+-------+-------+-------+----------------------

Action                   |  1- 3 |  4- 6 |  7- 9 || total
-------------------------+-------+-------+-------++-------
Melee: Short sword       |    79 |    37 |       ||   116
       Tentacles         |     8 |    22 |       ||    30
       Constrict         |    16 |    23 |     1 ||    40
       Dagger            |       |    50 |     3 ||    53
Invok: Depart the Abyss  |     1 |       |       ||     1
Evoke: Wand              |       |       |     8 ||     8
  Use: Scroll            |       |     2 |     1 ||     3
       Potion            |       |       |     6 ||     6
 Stab: Sleeping          |     8 |     4 |       ||    12
Armor: Skin              |     9 |     3 |       ||    12
Dodge: Dodged            |    52 |    58 |     6 ||   116

Vanquished Creatures
  An ice beast (D:4)
  A necrophage (D:3)
  A scorpion (D:4)
  A water moccasin skeleton (D:4)
  2 hounds (D:3)
  An orc priest (D:4)
  A centaur skeleton (D:4)
  5 adders
  A white imp (D:4)
  An ufetubus (D:4)
  A worm (D:3)
  2 dart slugs
  4 orcs
  5 endoplasms
  4 giant cockroaches
  12 goblins
  5 hobgoblins
  4 ball pythons
  6 bats
  A frilled lizard (D:2)
  6 kobolds
  5 rats
70 creatures vanquished.

Vanquished Creatures (others)
  A goblin (D:1)
1 creature vanquished.

Grand Total: 71 creatures vanquished
